 Dungeon Crawl Stone Soup version 0.21.1-1-g345015f (webtiles) character file.

145 sankara the Sneak (level 5, -9/38 HPs)
             Began as a Draconian Enchanter on Feb 15, 2018.
             Killed by divine providence
             ... invoked by an orc priest
              (10 damage)
             ... on level 3 of the Dungeon.
             The game lasted 00:09:48 (3187 turns).

sankara the Sneak (Draconian Enchanter)             Turns: 3187, Time: 00:09:48

Health: -9/38      AC:  5    Str:  8 (10) XL:     5   Next: 6%
Magic:  1/8        EV: 17    Int: 14 (17) God:
Gold:   152        SH:  0    Dex: 13 (16) Spells: 5/8 levels left

rFire    . . .     SeeInvis .   a - +1 dagger
rCold    . . .     Gourm    .   (no shield)
rNeg     . . .     Faith    .   (armour unavailable)
rPois    .         Spirit   .   q - +0 hat
rElec    .         Reflect  .   (no cloak)
rCorr    .         Harm     .   (no gloves)
MR       .....                  (no boots)
Stlth    ++++......             (no amulet)
HPRegen  0.12/turn              f - ring of wizardry
MPRegen  0.11/turn              (no ring)

@: agile, hasted, very quick
A: unfitting armour, horns 1, deterioration 1, cold-blooded, AC +5
a: no special abilities


You were on level 3 of the Dungeon.
You were not hungry.

You visited 1 branch of the dungeon, and saw 3 of its levels.

You collected 152 gold pieces.

Inventory:

Hand Weapons
 a - a +1 dagger (weapon)
 v - a +0 hunting sling
Missiles
 h - 62 poisoned needles
 i - 91 stones (quivered)
Armour
 q - a +0 hat (worn)
Jewellery
 f - a ring of wizardry (left hand)
Wands
 B - a wand of random effects (20)
Scrolls
 d - a scroll of teleportation {unknown}
 e - 5 scrolls of identify {unknown}
 g - 2 scrolls of fog {unknown}
 k - 2 scrolls of amnesia {unknown}
 p - a scroll of enchant armour {unknown}
 w - a scroll of remove curse {unknown}
 x - a scroll of magic mapping {unknown}
 y - a scroll of immolation {unknown}
 A - a scroll of fear {unknown}
Potions
 j - a potion of agility
 l - 2 potions of haste
 n - a potion of lignification {unknown}
 o - a potion of mutation
 r - a potion of brilliance {unknown}
 s - a potion of invisibility {unknown}
 t - a potion of cancellation {unknown}
 u - a potion of flight {unknown}
Books
 b - a book of Maledictions

   Spells                             Type                      Level
   a - Corona                         Hexes                        1
   b - Ensorcelled Hibernation        Hexes/Ice                    2
   c - Confuse                        Hexes                        3
   d - Tukima's Dance                 Hexes                        3
   e - Dazzling Spray                 Conjuration/Hexes            3
Comestibles
 c - 7 rations
 z - a chunk of flesh


   Skills:
 + Level 0.0 Fighting
 - Level 1.0 Short Blades
 + Level 1.7 Dodging
 * Level 4.7 Stealth
 - Level 2.0 Spellcasting
 + Level 3.6 Hexes
 - Level 1.0 Ice Magic


You had 5 spell levels left.
You knew the following spells:

 Your Spells              Type           Power        Failure   Level  Hunger
a - Ensorcelled Hibernat  Hex/Ice        #.....       6%          2    ###....
y - Corona                Hex            ##.....      2%          1    ##.....


Dungeon Overview and Level Annotations

Branches:
Dungeon (3/15)

Altars:
Kikubaaqudgha
Makhleb
Vehumet


Innate Abilities, Weirdness & Mutations

Your plain brown scales are hard. (AC +5)
You cannot fit into any form of body armour.
You are cold-blooded and may be slowed by cold attacks.
You have a pair of small horns on your head.
Your body sometimes deteriorates upon taking damage.


Message History

The orc priest is lightly wounded.
The orc priest closely misses you.
You closely miss the orc priest.
The orc priest is lightly wounded.
The orc priest mumbles some strange prayers to Beogh against you.
Beogh smites you!
* * * LOW HITPOINT WARNING * * *
Unknown command.
It was a potion of haste.
You feel yourself speed up. The orc priest closely misses you.
It was a potion of mutation.
You feel extremely strange.
You feel yourself wasting away. A pair of horns grows on your head!
The orc priest hits you with a short sword.
* * * LOW HITPOINT WARNING * * *
It was a potion of degeneration.
There was something very wrong with that liquid.
You feel weakened.
You feel dopey.
You feel clumsy.
The orc priest mumbles some strange prayers to Beogh against you.
Beogh smites you!
You die...

# #.........#####.#.## # ...# #
#.........##.......# ###.## #
#.........##.....#.## #... #
#########.##.....#..########.## #
#.#####................
###########.#########..########.#
................................>
#####.#####.####.#####..##.####.#
#.# #.# #@# ##.##.# #.# #####.#
#.####o######.##.# #.# ...##.#
#.##.oo.##.....#.# #.# ......#
#.##....##.....#.# #.#
...########.##....##.....#.# #.#
..#.........#.....##.....#.# #.#
..#.#########.....##.......# #.#
###.# #.....#######..# #.# ..#.#
#.....#######..# #.#


You could see an orc priest and 2 orcs.

Vanquished Creatures
  A bullfrog skeleton (D:2)
  3 gnolls (D:2)
  An adder (D:3)
  An ooze (D:1)
  A worm (D:1)
  4 dart slugs
  3 leopard geckos
  A giant cockroach (D:3)
  8 hobgoblins
  A jackal (D:1)
  6 kobolds
  A ball python (D:3)
  6 bats
  9 frilled lizards
  11 goblins
  6 rats
63 creatures vanquished.

Notes
Turn   | Place    | Note
-------+----------+-------------------------------------------
     0 | D:1      | sankara the Draconian Enchanter began the quest for the Orb.
     0 | D:1      | Reached XP level 1. HP: 14/14 MP: 3/3
   136 | D:1      | Reached skill level 3 in Stealth
   416 | D:1      | Reached XP level 2. HP: 19/20 MP: 3/5
   482 | D:1      | Learned a level 2 spell: Ensorcelled Hibernation
  1133 | D:1      | Reached XP level 3. HP: 22/26 MP: 0/6
  1648 | D:2      | Reached skill level 4 in Stealth
  1789 | D:2      | Reached XP level 4. HP: 33/33 MP: 7/7
  2013 | D:2      | Found a burning altar of Makhleb.
  2017 | D:2      | Found a radiant altar of Vehumet.
  2308 | D:2      | Reached skill level 1 in Ice Magic
  2723 | D:3      | Found an ancient bone altar of Kikubaaqudgha.
  2915 | D:3      | Reached XP level 5. HP: 38/38 MP: 8/8
  3186 | D:3      | Gained mutation: Your body sometimes deteriorates upon taking damage. [potion of mutation]
  3186 | D:3      | Gained mutation: You have a pair of small horns on your head. [potion of mutation]
  3186 | D:3      | HP: 1/38 [orc priest/short sword (2)]
  3187 | D:3      | Killed from afar by an orc priest

Skill      XL: |  1  2  3  4 |
---------------+-------------+-----
Stealth        | 3 4 |  4.7
Hexes          | 3 |  3.6
Ice Magic      | 1 |  1.0
Short Blades   | |  1.0
Dodging        | |  1.7
Spellcasting   | |  2.0

Action                   |  1- 3 |  4- 6 || total
-------------------------+-------+-------++-------
Melee: Dagger            |   113 |    85 ||   198
       Tailslap          |     7 |    12 ||    19
Throw: Tomahawk          |     6 |       ||     6
       Stone             |     1 |       ||     1
 Cast: Corona            |     9 |       ||     9
       Ensorcelled Hiber |    14 |    10 ||    24
  Use: Potion            |       |     4 ||     4
 Stab: Sleeping          |     5 |    15 ||    20
  Eat: Chunk             |     4 |     5 ||     9
Armor: Skin              |    29 |    19 ||    48
Dodge: Dodged            |    63 |    45 ||   108
